 Dungeon Crawl Stone Soup version 0.28.0 (webtiles) character file.

Game seed: 13260999845227319757

21 bande the Skirmisher (level 2, -2/20 HPs)
             Began as a Gargoyle Fighter on Feb 14, 2022.
             Slain by a kobold (5 damage)
             ... on level 1 of the Dungeon.
             The game lasted 00:00:34 (494 turns).

bande the Skirmisher (Gargoyle Fighter)              Turns: 494, Time: 00:00:35

Health: -2/20      AC:  9    Str: 19    XL:     2   Next: 83%
Magic:  2/2        EV:  9    Int:  8    God:
Gold:   15         SH:  4    Dex:  9    Spells: 1/1 levels left

rFire   . . .      SeeInvis .   a - +0 war axe
rCold   . . .      Faith    .   c - +0 buckler
rNeg    + . .      Spirit   .   b - +0 scale mail
rPois   ∞          Reflect  .   (no helmet)
rElec   +          Harm     .   (no cloak)
rCorr   .          Rampage  .   (no gloves)
Will    .....                   (no boots)
Stlth   ..........              (no amulet)
HPRegen 0.06/turn               (no ring)
MPRegen 0.08/turn               (no ring)

@: no status effects
A: sickness immunity, AC +2, negative energy resistance 1, electricity
resistance, torment resistance 1, petrification resistance
a: no special abilities


You were on level 1 of the Dungeon.
You visited 1 branch of the dungeon, and saw 1 of its levels.

You collected 15 gold pieces.

Inventory:

Hand Weapons
 a - a +0 war axe (weapon)
Armour
 b - a +0 scale mail (worn)
 c - a +0 buckler (worn)
Scrolls
 g - a scroll of noise {unknown}
Potions
 d - a potion of might
 e - a potion of berserk rage {unknown}
 f - a potion of brilliance {unknown}
 h - 2 potions of heal wounds {unknown}


   Skills:
 + Level 3.8 Fighting
 + Level 2.0 Axes
 + Level 3.5 Armour
 + Level 3.5 Shields


You had one spell level left.
You didn't know any spells.
Your spell library was empty.

Dungeon Overview and Level Annotations

Branches:
Dungeon (1/15)

Altars:


Innate Abilities, Weirdness & Mutations

You are immune to sickness and miasma.
Your stone body is resilient. (AC +2)
You are immune to poison.
You resist negative energy. (rN+)
You are resistant to electric shocks. (rElec)
You are resistant to unholy torment.
You are immune to petrification.


Message History

Items here: ( )) †.
Found 11 bolts.
The endoplasm hits you but does no damage.
Unknown command.
Found a scroll labelled LEELIRR YCRU.
The frilled lizard closely misses you.
Unknown command.
Found 12 gold pieces.
The kobold hits you but does no damage.
The endoplasm hits you but does no damage.
The frilled lizard bites you but does no damage.
Unknown command.
You closely miss the kobold. You slash the frilled lizard!
You kill the frilled lizard!
You slash the endoplasm!
You kill the endoplasm!
The kobold hits you but does no damage. The kobold barely misses you.
You completely miss the kobold. The kobold hits you but does no damage.
Unknown command.
You closely miss the kobold.
The kobold hits you but does no damage. x2
You closely miss the kobold. The kobold barely misses you.
You closely miss the kobold.
The kobold hits you with a +0 short sword.
The kobold hits you but does no damage.
Unknown command.
You closely miss the kobold. The kobold hits you but does no damage.
You closely miss the kobold. You block the kobold's attack.
The kobold hits you with a +0 short sword.
You closely miss the kobold.
The kobold hits you with a +0 short sword.
* * * LOW HITPOINT WARNING * * *
You closely miss the kobold.
The kobold hits you with a +0 short sword.
* * * LOW HITPOINT WARNING * * *
You hit the kobold but do no damage. The kobold hits you but does no damage.
You block the kobold's attack.
The kobold throws a stone.
The stone closely misses you. The kobold hits you but does no damage.
You miss the kobold. The kobold closely misses you.
You barely miss the kobold. The kobold hits you but does no damage.
The kobold hits you with a +0 short sword.
You die...

...(#.###...#..........
...#...#...####....###
###.###.#...# ######
###...........#
........###...##
.................
.......).........
........†........
........@K.......
.................
................
................
......$......... #
................ #
..(............$ #
.?.............. # ##


You could see a kobold.

Vanquished Creatures
  2 bats (D:1)
  An endoplasm (D:1)
  3 hobgoblins (D:1)
  3 kobolds (D:1)
  A quokka (D:1)
  A ball python (D:1)
  4 frilled lizards (D:1)
  3 goblins (D:1)
  4 rats (D:1)
22 creatures vanquished.

Notes
Turn   | Place    | Note
-------+----------+-------------------------------------------
     0 | D:1      | bande the Gargoyle Fighter began the quest for the Orb.
     0 | D:1      | Reached XP level 1. HP: 14/14 MP: 1/1
   177 | D:1      | Reached XP level 2. HP: 16/19 MP: 2/2
   494 | D:1      | Slain by a kobold

Illustrated notes

Levels and vault maps discovered:
D:1:      heliophobic_arrival_dark_side_of_the_moon, layout_basic

Skill      XL: |  1  2 |
---------------+-------+-----
Axes           | 2 |  2.0
Fighting       | |  3.8
Armour         | |  3.5
Shields        | |  3.5

Action                   || total
-------------------------++-------
Melee: War axe           ||    53
Armor: Scale mail        ||    44
Dodge: Dodged            ||    34
Block: Buckler           ||    11
